AoeStats
← [GMEX] | The_Spartako

Nomad

508169383Analyzed
4v4 RM · 13d ago on Sep 21, 2026· 51m 43s· 8 players
Game mode
Random Map
Map size
231×231
Population
200
Speed
Normal
Resources
Standard
Victory
Conquest
Starting age
Dark Age
Ending age
Imperial Age
RankedLock teamsTeams togetherTeam positionsShared explorationLock speedFull tech treeHidden civsTurbo modeCheats
Victory
Defeat
🇲🇽 Persians · Mexico
1230
+12
🇺🇸 Turks · United States
1166
+14
🇵🇪 Dravidians · Peru
1141
+15
🇨🇳 Vikings · China
1119
+16
🇪🇸 Italians · Spain
1142
-15
🇯🇵 Vietnamese · Japan
1136
-15
🇺🇸 Byzantines · United States
1125
-14
🇫🇷 Lithuanians · France
1102
-13
Imyourextasy
10:50 Loom
15:55 Feudal Age
17:42 Double-Bit Axe
21:14 Wheelbarrow
21:13 Gold Mining
23:44 Castle Age
25:46 Bow Saw
26:07 Medium Warships
32:52 Scale Barding Armor
39:16 Imperial Age
37:29 Chain Barding Armor
38:19 Forging
39:14 Horse Collar
40:30 Conscription
39:33 Cavalier
40:17 Husbandry
41:37 Plate Barding Armor
42:07 Iron Casting
41:41 Paladin
Jota
5:02 Loom
13:47 Feudal Age
14:13 Double-Bit Axe
23:30 Castle Age
22:42 Fishing Lines
24:28 Medium Warships
25:20 Bow Saw
25:10 Gillnets
28:23 Wheelbarrow
32:05 Wheelbarrow
31:40 Gold Mining
34:04 Hand Cart
35:32 Fletching
40:45 Imperial Age
38:45 Bodkin Arrow
39:48 Padded Archer Armor
40:12 Ballistics
40:30 Stone Mining
41:01 Leather Archer Armor
41:42 Silk Road
42:52 Stone Shaft Mining
42:48 Conscription
42:37 Bracer
43:09 Ring Archer Armor
45:22 Two-Man Saw
44:05 Horse Collar
46:00 Elite Genoese Crossbowman
47:55 Chemistry
47:40 Murder Holes
49:25 Fortified Wall
49:27 Masonry
Bug Spencer
2:54 Loom
13:14 Feudal Age
14:30 Town Watch
19:42 Castle Age
18:40 Gold Mining
18:36 Double-Bit Axe
18:34 Horse Collar
20:07 Demolition Ship
21:27 Bow Saw
29:43 Wheelbarrow
29:52 Wheelbarrow
29:34 Stone Mining
30:02 Medium Warships
30:46 Fletching
31:34 Bodkin Arrow
35:25 Padded Archer Armor
35:39 Heavy Plow
36:05 Hand Cart
37:25 Leather Archer Armor
abuderoあああ
11:56 Loom
14:53 Feudal Age
15:59 Fishing Lines
19:09 Castle Age
19:41 Wheelbarrow
20:47 Gillnets
20:44 Double-Bit Axe
21:32 Bow Saw
24:16 Gold Mining
26:27 Fletching
27:09 Bodkin Arrow
27:15 Padded Archer Armor
28:32 Ballistics
31:49 Leather Archer Armor
39:00 Murder Holes
46:06 Imperial Age
45:59 Thumb Ring
46:27 Hand Cart
48:09 Bracer
[GMEX] | The_Spartako
7:35 Loom
13:09 Feudal Age
14:12 Double-Bit Axe
23:08 Castle Age
22:13 Wheelbarrow
21:38 Gold Mining
23:49 Medium Warships
24:02 Bow Saw
26:48 Fishing Lines
27:17 Gillnets
28:28 Hand Cart
28:35 Hand Cart
29:17 Gold Shaft Mining
28:34 Stone Mining
29:14 Horse Collar
29:48 Scale Barding Armor
29:53 Forging
31:28 Bloodlines
31:18 Husbandry
33:49 Chain Barding Armor
34:04 Iron Casting
43:20 Imperial Age
42:05 Fletching
43:35 Gold Shaft Mining
43:00 Cavalier
44:16 Plate Barding Armor
44:41 Blast Furnace
45:44 Savar
49:29 Chemistry
48:50 Ballistics
48:40 Masonry
48:30 Bodkin Arrow
El Fantasma de Pancho Villa
4:59 Loom
15:40 Feudal Age
19:38 Castle Age
17:26 Double-Bit Axe
17:25 Horse Collar
17:43 Gold Mining
27:07 Imperial Age
25:03 Padded Archer Armor
26:40 Leather Archer Armor
28:23 Ring Archer Armor
34:06 Wheelbarrow
49:20 Hoardings
49:45 Bow Saw
50:42 Elite Janissary
52:17 Gold Shaft Mining
Hermann_Meyer
10:18 Loom
15:11 Feudal Age
16:02 Double-Bit Axe
16:10 Gold Mining
16:20 Fishing Lines
17:17 Man-at-Arms
18:36 Arson
21:26 Horse Collar
25:05 Castle Age
25:03 Stone Mining
27:10 Medium Warships
29:15 Squires
29:30 Long Swordsman
30:31 Scale Mail Armor
30:42 Forging
31:40 Chain Mail Armor
31:44 Gambesons
31:52 Fletching
34:35 Bow Saw
35:04 Gold Shaft Mining
39:31 Iron Casting
39:17 Bodkin Arrow
39:27 Crossbowman
39:28 Elite Skirmisher
44:07 Imperial Age
42:10 Fervor
42:30 Heavy Plow
44:03 Padded Archer Armor
44:09 Pikeman
45:14 Conscription
44:48 Elite Berserk
46:57 Chieftains
47:27 Leather Archer Armor
48:07 Plate Mail Armor
48:45 Bogsveigar
49:22 Two-Handed Swordsman
50:41 Champion
52:01 Hoardings
JK_TheBest
4:48 Loom
12:33 Feudal Age
13:59 Wheelbarrow
13:11 Double-Bit Axe
20:09 Castle Age
18:56 Gold Mining
19:28 Fishing Lines
19:48 Stone Mining
20:42 Fletching
21:09 Medium Warships
22:53 Bow Saw
25:28 Bodkin Arrow
28:12 Ballistics
27:56 Horse Collar
29:11 Heavy Plow
34:12 Imperial Age
33:02 Padded Archer Armor
34:39 Hand Cart
35:54 Thumb Ring
38:08 Two-Man Saw
38:56 Bracer
39:42 Elite Elephant Archer
41:38 Chemistry
41:26 Leather Archer Armor
43:33 Medical Corps
46:01 Ring Archer Armor
49:03 Conscription
Connection lost

Rejoining the realm…

Still unreachable

The connection could not be restored.

Session expired

The server has moved on; the page needs a fresh start.